 Dungeon Crawl Stone Soup version 0.16.1-4-g8e1b745 (webtiles) character file.

149 Zapata the Cudgeler (level 5, -4/32 HPs)
             Began as a Kobold Berserker on Mar 26, 2015.
             Was a Believer of Trog.
             Slain by a worm (8 damage)
             ... on level 3 of the Dungeon.
             The game lasted 00:04:00 (1864 turns).

Zapata the Cudgeler (Kobold Berserker)              Turns: 1864, Time: 00:04:00

Health: -4/32      AC:  4    Str: 16      XL:     5   Next: 57%
Magic:  5/5        EV: 15    Int:  5      God:    Trog [**....]
Gold:   91         SH:  0    Dex: 14 (16) Spells: 0 memorised, 4 levels left

rFire  . . .     SeeInvis .     a - +0 mace
rCold  . . .     Clarity  .     b - +0 animal skin
rNeg   . . .     SustAb   .     (no shield)
rPois  .         Gourm    .     q - +0 helmet
rElec  .         Spirit   .     (no cloak)
rCorr  .         Warding  .     v - +0 pair of gloves
rMut   .         Stasis   .     (no boots)
MR     .....                    (no amulet)
Stlth  +.........               (no ring)
                                (no ring)

@: exhausted, slowed, very slow, not resistant to hostile enchantments, very
unstealthy
A: carnivore 3
a: Burn Spellbooks, Berserk, Trog's Hand, Renounce Religion


You were on level 3 of the Dungeon.
You worshipped Trog.
Trog was pleased with you.
You were full.

You visited 1 branch of the dungeon, and saw 3 of its levels.

You collected 91 gold pieces.

Inventory:

Hand weapons
 a - a +0 mace (weapon)
Missiles
 e - 56 stones (quivered)
Armour
 b - a +0 animal skin (worn)
 q - a +0 helmet (worn)
 v - a +0 pair of gloves (worn)
Jewellery
 o - an uncursed ring of positive energy {unknown}
Scrolls
 d - 2 scrolls of amnesia {unknown}
 g - 2 scrolls of remove curse {unknown}
 i - a scroll of fog {unknown}
 j - 2 scrolls of enchant armour {unknown}
 l - a scroll of random uselessness {unknown}
 m - 2 scrolls of blinking
 n - a scroll of teleportation {unknown}
 r - a scroll of enchant weapon {unknown}
 s - a scroll of noise {unknown}
 t - a scroll of identify {unknown}
Potions
 k - a potion of cancellation {unknown}
 p - a potion of poison {unknown}
 u - a potion of curing {unknown}
Comestibles
 c - 2 meat rations


   Skills:
 - Level 3.2 Fighting
 + Level 5.8 Maces & Flails
 - Level 1.5 Armour
 - Level 2.4 Dodging


You had 4 spell levels left.
You didn't know any spells.

Dungeon Overview and Level Annotations

Branches:
Dungeon (3/15)

Altars:
Ashenzari
Cheibriados
The Shining One


Innate Abilities, Weirdness & Mutations

You are small and have problems with some larger weapons.
You are carnivorous and can eat meat at any time.


Message History

Huge Dmg: -8%(-4hp) hp: 9%(4hp)
You hit the hobgoblin!!
You kill the hobgoblin!
Trog accepts your kill.
You are no longer berserk.
You are exhausted.
You feel as though you will be slow longer.
The giant cockroach bites you but does no damage.
Huge Dmg: -3%(-1hp) hp: 10%(3hp)
The giant cockroach misses you.
Drink which item? (? for menu, Esc to quit)
It was a potion of magic.
Magic courses through your body. The giant cockroach misses you.
The worm misses you.
The giant cockroach bites you but does no damage.
Drink which item? (? for menu, Esc to quit)
It was a potion of degeneration.
There was something very wrong with that liquid.
You feel clumsy. The giant cockroach misses you. The worm bites you!
You die...

######### #.......#
#.......#
#.......######
#.............
#.............#
.######....s@.......#
............w........#
.######.............
#.#.####...... #.#.#
...... #####.#.# .....
#....5#.#### ...
#######.....#........
...................


You could see a worm and a giant cockroach.

Vanquished Creatures
  Natasha (D:3)
  Jessica (D:3)
  4 gnolls (D:3)
  2 worms
  3 giant geckos
  9 hobgoblins
  11 jackals
  A quokka (D:2)
  3 bats
  2 giant newts (D:1)
  4 goblins (D:2)
  4 kobolds
  9 rats
54 creatures vanquished.

Notes
Turn   | Place    | Note
--------------------------------------------------------------
     0 | D:1      | Zapata, the Kobold Berserker, began the quest for the Orb.
     0 | D:1      | Reached XP level 1. HP: 14/14 MP: 1/1
    95 | D:1      | Reached XP level 2. HP: 19/19 MP: 2/2
   614 | D:1      | Reached skill level 4 in Maces & Flails
   614 | D:1      | Reached XP level 3. HP: 23/23 MP: 3/3
   779 | D:2      | Found a glowing golden altar of the Shining One.
   785 | D:2      | Found a snail-covered altar of Cheibriados.
   827 | D:2      | Acquired Trog's second power
  1280 | D:2      | Found a shattered altar of Ashenzari.
  1318 | D:2      | Reached XP level 4. HP: 17/28 MP: 4/4
  1623 | D:3      | Reached skill level 5 in Maces & Flails
  1685 | D:3      | Reached XP level 5. HP: 27/32 MP: 5/5
  1726 | D:3      | Noticed Jessica
  1729 | D:3      | Killed Jessica
  1833 | D:3      | Noticed Natasha
  1858 | D:3      | Killed Natasha
  1864 | D:3      | Slain by a worm

Action                   |  1- 3 |  4- 6 || total
-------------------------+-------+-------++-------
Melee: Mace              |   111 |    44 ||   155
Invok: Berserk           |     2 |     3 ||     5
  Use: Scroll            |       |     1 ||     1
       Potion            |       |     2 ||     2
 Stab: Sleeping          |     1 |       ||     1
  Eat: Chunk             |    10 |     4 ||    14
